 Dungeon Crawl Stone Soup version 0.32-a0-290-g598725c5f2 (webtiles) character file.

Game seed: 4322548863956789872

50097 jasper the Thaumaturge (level 14, -11/86 HPs)
             Began as a Deep Elf Alchemist on Feb 12, 2024.
             Was a High Priest of Vehumet.
             Mangled by a troll (13 damage)
             ... led by an orc knight
             ... on level 2 of the Orcish Mines on Feb 13, 2024.
             The game lasted 00:39:45 (20339 turns).

jasper the Thaumaturge (Deep Elf Alchemist)        Turns: 20339, Time: 00:39:45

Health: -11/86     AC: 19    Str:  5    XL:     14   Next: 18%
Magic:  18/33      EV: 18    Int: 26    God:    Vehumet [*****.]
Gold:   1657       SH:  7    Dex: 15    Spells: 1/39 levels left

rFire   . . .        s - +8 flail (elec)
rCold   + . .        I - +2 buckler
rNeg    . . .        N - +2 robe {rC+}
rPois   .            j - +2 helmet
rElec   .            C - +1 cloak
rCorr   .            K - +2 pair of gloves
SInv    .            G - +2 pair of boots
Will    ++...        J - amulet of the acrobat
Stlth   ++           X - +4 ring of protection
HPRegen 0.34/turn    f - ring of willpower
MPRegen 0.23/turn

%: acrobat
@: no status effects
A: no striking features
a: Renounce Religion


You were on level 2 of the Orcish Mines.
You worshipped Vehumet.
Vehumet was extremely pleased with you.
You visited 4 branches of the dungeon, and saw 18 of its levels.

You collected 1657 gold pieces.

Inventory:

Hand Weapons
 n - a +0 flail
 s - a +8 flail of electrocution (weapon)
 E - the +3 flail of Raiturul {pain, Fly rF++ Str-3 Dex+2}
   (You found it on level 7 of the Dungeon)

   Str-3:     It affects your strength (-3).
   Dex+2:     It affects your dexterity (+2).
   rF++:      It greatly protects you from fire.
   Fly:       It grants you flight.
Missiles
 b - 8 throwing nets
 P - 6 curare-tipped darts
Armour
 a - a +0 robe
 e - an orb of guile
 j - a +2 helmet (worn)
 k - a +0 pair of boots
 C - a +1 cloak (worn)
 G - a +2 pair of boots (worn)
 I - a +2 buckler (worn)
 K - a +2 pair of gloves (worn)
 N - a +2 robe of cold resistance (worn)
 O - an orb of guile
 V - a +3 troll leather armour {Snorg}
Jewellery
 f - a ring of willpower (right hand)
 u - a ring of poison resistance
 w - a ring of protection from cold
 y - a +6 ring of dexterity
 J - an amulet of the acrobat (around neck)
 M - a ring of ice
 T - a +6 ring of strength
 X - a +4 ring of protection (left hand)
Wands
 A - a wand of acid (11)
 H - a wand of roots (44)
 R - a wand of paralysis (9)
Scrolls
 h - 4 scrolls of teleportation
 o - 4 scrolls of poison
 r - 4 scrolls of fear
 x - a scroll of revelation
 z - a scroll of brand weapon
 B - 2 scrolls of vulnerability
 D - 3 scrolls of immolation
 Q - a scroll of identify
 S - a scroll of blinking
 W - a scroll of silence
Potions
 c - 2 potions of curing
 d - 4 potions of might
 g - 2 potions of attraction
 i - 5 potions of brilliance
 m - 3 potions of mutation
 p - 6 potions of enlightenment
 q - 5 potions of resistance
 t - 2 potions of ambrosia
 v - a potion of lignification
 F - a potion of haste
 L - a potion of cancellation
Miscellaneous
 U - a phial of floods


   Skills:
 - Level 9.0 Fighting
 - Level 13.0 Dodging
 - Level 2.4 Stealth
 - Level 5.0 Shields
 + Level 13.1 Spellcasting
 - Level 8.6 Conjurations
 - Level 10.0 Hexes
 - Level 4.0 Summonings
 - Level 0.1 Translocations
 - Level 4.0 Air Magic
 - Level 8.6 Earth Magic
 - Level 10.0 Alchemy


You had one spell level left.
You knew the following spells:

 Your Spells              Type           Power      Damage    Failure   Level
a - Sting                 Conj/Alch      100%       1d9       1%          1
b - Mephitic Cloud        Conj/Alch/Air  54%        N/A       1%          3
c - Olgreb's Toxic Radia  Alch           62%        N/A       1%          4
d - Bombard               Conj/Erth      29%        9d5       7%          6
e - Blink                 Tloc           34%        N/A       9%          2
f - Stone Arrow           Conj/Erth      100%       3d13      1%          3
g - Summon Lightning Spi  Summ/Air       37%        N/A       11%         4
h - Summon Mana Viper     Hex/Summ       52%        N/A       9%          5
i - Fulminant Prism       Conj/Alch      30%        3d16      1%          4
j - Eringya's Noxious Bo  Alch           31%        4d6       4%          6

Your spell library contained the following spells:

 Spells                   Type           Power      Damage    Failure   Level
 Freeze                   Ice            68%        1d8       1%          1
 Magic Dart               Conj           100%       1d8       1%          1
 Necrotise                Necr           68%        1d7       5%          1
 Call Imp                 Summ           74%        N/A       1%          2
 Cigotuvi's Dreadful Rot  Necr/Alch/Air  82%        N/A       1%          2
 Mercury Vapours          Alch/Air       100%       N/A       1%          2
 Static Discharge         Conj/Air       98%        3-8/arc   1%          2
 Hailstorm                Conj/Ice       39%        3d9       1%          3
 Cause Fear               Hex            31%        N/A       1%          4
 Ignite Poison            Fire/Alch      43%        N/A       1%          4
 Sticky Flame             Fire/Alch      43%        2d8       1%          4
 Iskenderun's Mystic Bla  Conj/Tloc      39%        2d9       2%          4
 Airstrike                Air            18%        2d(3-19)  3%          4
 Arcjolt                  Conj/Air       24%        1d34      3%          5
 Frozen Ramparts          Ice            34%        1d6       4%          3
 Volatile Blastmotes      Fire/Tloc      34%        2d12      4%          3
 Anguish                  Hex/Necr       21%        N/A       7%          4
 Summon Ice Beast         Ice/Summ       27%        N/A       8%          3
 Freezing Cloud           Conj/Ice/Air   19%        6-21      8%          5
 Sublimation of Blood     Necr           17%        N/A       9%          2
 Vampiric Draining        Necr           17%        2d7       17%         3
 Martyr's Knell           Necr/Summ      27%        N/A       24%         4
 Vhi's Electric Charge    Tloc/Air       54%        N/A       24%         4
 Enfeeble                 Hex            31%        N/A       61%         7
 Plasma Beam              Fire/Air       13%        2x1d24    65%         6
 Curse of Agony           Necr           17%        N/A       83%         5
 Discord                  Hex            31%        N/A       99%         8
 Monstrous Menagerie      Summ           18%        N/A       100%        7
 Ozocubu's Refrigeration  Ice            8%         4d9       100%        7
 Summon Hydra             Summ           18%        N/A       100%        7


Dungeon Overview and Level Annotations

Branches:
Dungeon (11/15)            Temple (1/1) D:6            Lair (4/5) D:8
  Swamp (0/4) Lair:2        Snake (0/4) Lair:2          Orc (2/2) D:10
  Slime: Lair:4-5       Elf: Orc:2

Altars:
Ashenzari
Cheibriados
Dithmenos
Elyvilon
Fedhas
Gozag
Hepliaklqana
Kikubaaqudgha
Makhleb
Nemelex Xobeh
Okawaru
Qazlal
Ru
Sif Muna
Trog
Uskayaw
Vehumet
Wu Jian
Xom
Yredelemnul
Zin
The Shining One
Beogh

Portals:
Trove: D:10 (show slimy rune of Zot)

Annotations:
Lair:4 3 runed translucent doors, Hoaki's ghost, journeyman HONe


Message History

Reactivating autopickup.
You feel a bit more experienced.
The kobold blastminer shoots an arrow.
The arrow closely misses you.
The orc knight shoots a bolt.
The bolt completely misses you.
The orc knight hits you with a +0 broad axe!!
* * * LOW HITPOINT WARNING * * *
You take 35 damage, and have 3/86 hp.
MASSIVE DAMAGE!!
Unknown command.
You feel much better.
The kobold blastminer looks even sicker.
The orc knight looks as sick as possible! x2
The troll looks even sicker.
The orc knight barely misses you.
You hear a grinding noise.
You regained 21 hp, and now have 24/86 hp.
As you read the scroll of fear, it crumbles to dust.
You assume a fearsome visage.
The kobold blastminer looks frightened!
The orc knight looks frightened! x2; The troll looks frightened!
Your attack snaps the kobold blastminer out of its fear.
The kobold blastminer looks as sick as possible!
Your attack snaps the orc knight out of its fear. x2
The orc knight looks as sick as possible!
Your attack snaps the troll out of its fear.
The orc knight hits you with a +0 broad axe!!
* * * LOW HITPOINT WARNING * * *
You take 22 damage, and have 2/86 hp.
MASSIVE DAMAGE!!
Okay, then.
You feel better.
The kobold blastminer looks as sick as possible!
The orc knight looks as sick as possible!
The troll looks as sick as possible!
Your toxic aura wanes.
The kobold blastminer shoots an arrow.
The arrow hits you but does no damage. The orc knight closely misses you.
The troll closely misses you. The troll completely misses you.
You block the troll's attack.
You regained 5 hp, and now have 7/86 hp.
You feel better.
The orc knight hits you with a +0 broad axe!
* * * LOW HITPOINT WARNING * * *
The troll bites you!
You die...

...).....$.....
..).)..).......
....)..........
...))).......$.
...))..........
.))$.......)...
......o........
....))ToK.#....
..o..##@##.# .
.... ### .# ...
.. ## .# #


You could see 2 orc knights, a kobold blastminer (extremely poisoned) and a
troll (extremely poisoned).

Vanquished Creatures
  An eleionoma (Lair:2)
  Snorg (Lair:3)
  Fannar (D:11)
  2 hydras
  Harold (D:9)
  Erolcha (D:11)
  A boulder beetle (D:9)
  2 skysharks
  An orc knight (Orc:2)
  Pikel (D:8)
  2 manticores
  7 elephants
  A kobold blastminer (Orc:2)
  3 black mambas (Lair:3)
  4 cane toads
  A gargoyle (D:10)
  An unseen horror (D:11)
  A rime drake (Lair:4)
  15 komodo dragons
  3 trolls
  A hornet (D:7)
  A queen bee (Lair:2)
  9 dream sheep
  19 blink frogs
  Sigmund (D:4)
  3 shadows
  2 ynoxinuls
  4 basilisks
  A wraith (D:11)
  11 wyverns
  A human (Lair:4)
  42 yaks
  3 steam dragons
  2 vampire mosquitoes (D:9)
  A naga (Lair:2)
  An acid dragon (D:11)
  18 water moccasins
  9 orc warriors
  A sky beast (D:7)
  3 black bears
  An ogre (D:6)
  19 wolves
  2 lemures (D:8)
  3 phantoms
  20 bullfrogs
  2 scorpions
  A troll zombie (D:10)
  9 wights
  31 killer bees
  2 howler monkeys
  An electric eel (Lair:2)
  A bombardier beetle (D:5)
  A gnoll bouda (D:6)
  15 orc priests
  6 hounds
  2 jellies (D:7)
  3 sleepcaps
  Jessica (D:3)
  6 iguanas
  Terence (D:3)
  10 orc wizards
  5 ogre zombies (D:10)
  12 gnolls
  2 river rats (Lair:2)
  9 adders
  2 shadow imps
  15 ufetubi
  7 dart slugs
  A ribbon worm (D:3)
  53 orcs
  6 ball pythons
  8 endoplasms
  3 giant cockroaches
  8 goblins
  5 hobgoblins
  11 jackals
  6 quokkas
  3 bats
  3 frilled lizards
  A gnoll skeleton (D:10)
  3 gnoll zombies (D:10)
  3 kobolds
  4 orc skeletons (D:10)
  11 orc zombies (D:10)
  10 rats
511 creatures vanquished.

Vanquished Creatures (collateral kills)
  Rupert (Lair:4)
  A two-headed ogre (D:11)
  A skyshark (Lair:4)
  An ugly thing (D:11)
  3 cane toads
  A polar bear (Lair:4)
  A blink frog (Lair:1)
  3 dream sheep
  3 yaks (D:11)
  A basilisk (Lair:3)
  2 acid dragons (D:11)
  2 water moccasins
  2 wolves
  A bullfrog (Lair:3)
  5 wights (D:9)
  A howler monkey (D:9)
  An orc (D:11)
30 creatures vanquished.

Vanquished Creatures (others)
  14 fulminant prisms
14 creatures vanquished.

Grand Total: 555 creatures vanquished

Notes
Turn   | Place    | Note
-------+----------+-------------------------------------------
     0 | D:1      | jasper the Deep Elf Alchemist began the quest for the Orb.
     0 | D:1      | Reached XP level 1. HP: 10/10 MP: 6/6
   173 | D:3      | Reached XP level 2. HP: 7/15 MP: 0/8
   434 | D:3      | Noticed Terence
   449 | D:3      | Killed Terence
   450 | D:3      | Reached skill level 5 in Alchemy
   450 | D:3      | Reached XP level 3. HP: 14/19 MP: 4/9
   454 | D:3      | Learned a level 3 spell: Mephitic Cloud
   558 | D:3      | Found a glowing golden altar of the Shining One.
   562 | D:3      | Found an ancient bone altar of Kikubaaqudgha.
   562 | D:3      | Found a shimmering altar of Xom.
   570 | D:3      | Found a snail-covered altar of Cheibriados.
   573 | D:3      | Found a shadowy altar of Dithmenos.
   602 | D:4      | Reached XP level 4. HP: 14/24 MP: 3/10
   620 | D:4      | Learned a level 4 spell: Olgreb's Toxic Radiance
   738 | D:5      | Entered Level 5 of the Dungeon
   829 | D:5      | Reached XP level 5. HP: 27/28 MP: 3/11
  1157 | D:5      | Reached XP level 6. HP: 32/32 MP: 4/12
  1444 | D:6      | Found a staircase to the Ecumenical Temple.
  1453 | Temple   | Entered the Ecumenical Temple
  1481 | Temple   | Became a worshipper of Vehumet
  1551 | D:6      | Reached XP level 7. HP: 23/36 MP: 5/13
  2070 | D:1      | Learned a level 4 spell: Sticky Flame
  2946 | D:2      | Reached * piety under Vehumet
  2946 | D:2      | Offered knowledge of Magic Dart by Vehumet.
  3231 | D:2      | Found a faded altar of an unknown god.
  4078 | D:3      | Noticed Jessica
  4082 | D:3      | Killed Jessica
  4082 | D:3      | Offered knowledge of Foxfire by Vehumet.
  4403 | D:3      | Reached ** piety under Vehumet
  4452 | D:3      | You fall into a shaft and drop 2 floors!
  4556 | D:5      | Reached skill level 10 in Alchemy
  4572 | D:4      | Noticed Sigmund
  4579 | D:4      | Killed Sigmund
  4580 | D:4      | Reached skill level 1 in Fighting
  5150 | D:4      | Reached XP level 8. HP: 34/44 MP: 11/14
  6075 | D:5      | Found a glowing silver altar of Zin.
  6643 | D:6      | Reached skill level 5 in Dodging
  6948 | D:6      | Offered knowledge of Static Discharge by Vehumet.
  7151 | D:7      | Noticed a hornet
  7156 | D:7      | Killed a hornet
  7277 | D:7      | Reached XP level 9. HP: 52/52 MP: 11/15
  7280 | D:7      | Learned a level 2 spell: Blink
  7525 | D:7      | Found a bloodstained altar of Trog.
  7619 | D:7      | Identified the +3 flail of Raiturul {pain, Fly rF++ Str-3
                  | Dex+2}
  7967 | D:7      | Reached skill level 5 in Fighting
  8232 | D:8      | Noticed Pikel
  8241 | D:8      | Killed Pikel
  8273 | D:8      | Reached *** piety under Vehumet
  8481 | D:8      | Reached skill level 10 in Dodging
  8711 | D:8      | Reached XP level 10. HP: 48/60 MP: 3/17
  8823 | D:8      | Offered knowledge of Stone Arrow by Vehumet.
  8829 | D:8      | Learned a level 3 spell: Stone Arrow
  8875 | D:8      | Found a staircase to the Lair.
  9027 | D:8      | Reached skill level 5 in Spellcasting
  9599 | D:9      | Noticed Harold
  9631 | D:9      | Killed Harold
  9643 | D:9      | Learned a level 4 spell: Summon Lightning Spire
  9733 | D:9      | Upgraded the game from 0.32-a0-172-gc5dd13f2a7 to
                  | 0.32-a0-290-g598725c5f2
  9806 | D:9      | Reached skill level 1 in Summonings
  9806 | D:9      | Reached skill level 1 in Air Magic
  9809 | D:9      | Reached **** piety under Vehumet
  9831 | D:9      | Offered knowledge of Flame Wave by Vehumet.
 10206 | D:9      | Noticed a boulder beetle
 10214 | D:9      | Killed a boulder beetle
 10532 | D:10     | Entered Level 10 of the Dungeon
 10662 | D:10     | Noticed a gargoyle
 10672 | D:10     | Killed a gargoyle
 10925 | D:10     | Reached XP level 11. HP: 33/67 MP: 15/25
 11100 | D:10     | Found a staircase to the Orcish Mines.
 11300 | D:10     | Found a portal to a secret trove of treasure.
 11584 | D:10     | Found a burning altar of Makhleb.
 11715 | D:10     | Learned a level 5 spell: Summon Mana Viper
 11806 | D:11     | Reached skill level 1 in Hexes
 11815 | D:11     | Identified the +1 robe of Heat {rElec Str-5 Dex+6}
 11884 | D:11     | Noticed Fannar
 11891 | D:11     | Killed Fannar
 11896 | D:11     | Reached ***** piety under Vehumet
 11896 | D:11     | Offered knowledge of Spellforged Servitor by Vehumet.
 11899 | D:11     | Reached skill level 5 in Hexes
 12162 | D:11     | Noticed Erolcha
 12168 | D:11     | Killed Erolcha
 12529 | D:11     | Noticed a green ugly thing
 12537 | D:11     | Killed a brown ugly thing
 12644 | D:11     | Noticed a two-headed ogre
 12653 | D:11     | Killed a two-headed ogre
 12654 | D:11     | Reached skill level 10 in Hexes
 12654 | D:11     | Reached skill level 1 in Earth Magic
 13011 | Lair:1   | Entered Level 1 of the Lair of Beasts
 13091 | Lair:1   | Reached XP level 12. HP: 72/73 MP: 8/26
 13329 | Lair:1   | Reached skill level 5 in Conjurations
 13389 | Lair:1   | Reached skill level 5 in Earth Magic
 14289 | Lair:2   | Found a staircase to the Swamp.
 14289 | Lair:2   | Noticed an eleionoma
 14295 | Lair:2   | Killed an eleionoma
 14354 | Lair:2   | Learned a level 4 spell: Fulminant Prism
 14610 | Lair:2   | Reached skill level 10 in Spellcasting
 14883 | Lair:2   | Offered knowledge of Bombard by Vehumet.
 15001 | Lair:2   | Found a staircase to the Snake Pit.
 15269 | Lair:2   | Reached XP level 13. HP: 80/80 MP: 20/30
 15388 | Lair:2   | Learned a level 6 spell: Bombard
 15790 | Lair:2   | Reached skill level 1 in Shields
 16916 | Lair:3   | Reached skill level 5 in Shields
 16925 | Lair:3   | Noticed Snorg
 17149 | Lair:3   | Killed Snorg
 17732 | Lair:3   | Offered knowledge of Eringya's Noxious Bog by Vehumet.
 18889 | Lair:4   | Reached XP level 14. HP: 86/86 MP: 22/32
 19156 | Lair:4   | Found a runed translucent gate.
 19156 | Lair:4   | Found a runed translucent gate.
 19156 | Lair:4   | Found a runed translucent gate.
 19158 | Lair:4   | Noticed Hoaki's ghost (journeyman HONe)
 19431 | Lair:4   | Found a runed translucent door.
 19436 | Lair:4   | Noticed Rupert
 19488 | Lair:4   | Killed Rupert
 19891 | Orc:1    | Entered Level 1 of the Orcish Mines
 19915 | Orc:1    | Learned a level 6 spell: Eringya's Noxious Bog
 20323 | Orc:2    | Entered Level 2 of the Orcish Mines
 20335 | Orc:2    | HP: 3/86 [orc knight/+0 broad axe (35)]
 20339 | Orc:2    | Mangled by a troll

Illustrated notes

Levels and vault maps discovered:
D:1:      mushboom_english_gardens, layout_loops_corners
D:2:      layout_basic, hellmonk_ecumenical_altar_defaced_shrine, minmay_tall_x
D:3:      layout_loops_corners, minmay_overflow_temple_star_hex,
          minmay_strange_pillars, minmay_circle_x, uniq_terence, uniq_jessica
D:4:      layout_loops_ring, minmay_misc_feat_chi, uniq_sigmund
D:5:      wad_lake_hut, layout_basic, zin_treasury, nicolae_ossuary_entry_plus,
          gup_sewer_entry_bowl, grunt_ministairs_5
D:6:      layout_loops_ring, minmay_temple_entry_statues_fountains, nrook_uturn,
          kennysheep_dice
D:7:      layout_loops_ring, trog_ov_bears_minmay
D:8:      layout_basic, lair_entry_dummy, grunt_ministairs_8, uniq_pikel
D:9:      layout_basic, nicolae_fort_ynox, uniq_harold
D:10:     layout_basic, marbit_many_paths, zombieorc1_lemuel, enter_trove_2
D:11:     layout_rooms, minmay_increasing_density, uniq_fannar, uniq_erolcha
Temple:   jpeg_temple_clearing
Lair:1:   layout_big_grid, grunt_megastairs_4
Lair:2:   regret_index_tunnel_blossom, layout_regular_city,
          alex1729_swamp_entry_worm_eleionoma, guppyfry_snake_entry_island,
          amcnicky_mini_pool_medium
Lair:3:   layout_loops_ring, nzn_random_ring, uniq_snorg
Lair:4:   layout_roguey, gammafunk_ghost_hydra_chop,
          chequers_serial_rivers_micro_c, pdpol_lair_cabin_in_the_woods
Orc:1:    layout_diamond_mine
Orc:2:    st_orc_ogre_mass, layout_caves, serial_shops,
          nicolae_shop_tiny_statue_garden, blackcustard_mines_bat_river,
          uniq_maurice, uniq_jorgrun

Skill      XL: |  1  2  3  4  5  6  7  8  9 10 11 12 13 14 |
---------------+-------------------------------------------+-----
Alchemy        | 4 5 6 7 8 10 | 10.0
Fighting       | 1 4 6 7 9 |  9.0
Dodging        | 3 7 10 11 13 | 13.0
Spellcasting   | 8 11 12 13 | 13.1
Summonings     | 4 |  4.0
Air Magic      | 4 |  4.0
Hexes          | 10 | 10.0
Conjurations   | 3 5 8 |  8.6
Earth Magic    | 3 5 8 |  8.6
Shields        | 5 |  5.0
Stealth        | |  2.4
Translocations | |  0.1

Action                     |  1- 3 |  4- 6 |  7- 9 | 10-12 | 13-15 || total
---------------------------+-------+-------+-------+-------+-------++-------
  Melee: Unarmed           |     2 |     5 |       |       |       ||     7
         Flail             |       |       |    97 |   218 |    79 ||   394
   Cast: Sting             |    33 |    15 |    56 |     6 |       ||   110
         Olgreb's Toxic Ra |       |    13 |    70 |    96 |    57 ||   236
         Mephitic Cloud    |       |       |     2 |     2 |     2 ||     6
         Sticky Flame      |       |       |     2 |    49 |       ||    51
         Blink             |       |       |     1 |     6 |       ||     7
         Summon Lightning  |       |       |       |     8 |     9 ||    17
         Stone Arrow       |       |       |       |    35 |   118 ||   153
         Summon Mana Viper |       |       |       |     4 |     8 ||    12
         Fulminant Prism   |       |       |       |     2 |    12 ||    14
         Bombard           |       |       |       |       |    10 ||    10
         Eringya's Noxious |       |       |       |       |     2 ||     2
  Evoke: Wand              |       |       |       |     4 |     3 ||     7
    Use: Scroll            |       |     1 |    20 |     5 |     8 ||    34
         Potion            |       |       |     1 |     3 |     5 ||     9
   Stab: Confused          |       |       |     2 |       |       ||     2
         Sleeping          |       |       |       |     3 |       ||     3
         Distracted        |       |       |       |     2 |       ||     2
 Armour: Robe              |    14 |    16 |    70 |   147 |    70 ||   317
  Dodge: Dodged            |    27 |    15 |    84 |   310 |   152 ||   588
  Block: Buckler           |       |       |       |       |    51 ||    51

Table legend: (Time is in decaauts)
 A = Elapsed time spent in this place.
 B = Non-inter-level travel time spent in this place.
 C = Inter-level travel time spent in this place.
 D = Time resting spent in this place.
 E = Time spent auto-exploring this place.
 F = Levels seen in this place.
 G = Mean time per level.
                   A        B        C        D        E       F      G
               +--------+--------+--------+--------+--------+-----+--------+
         Total |  20561 |  19545 |   1016 |   1328 |  15073 |  18 | 1142.3 |
       Dungeon |  13219 |  12429 |    790 |    751 |   9876 |  11 | 1201.7 |
        Temple |     56 |      1 |     55 |      0 |      0 |   1 |   56.0 |
          Lair |   6835 |   6673 |    162 |    570 |   4842 |   4 | 1708.8 |
  Orcish Mines |    449 |    441 |      8 |      7 |    354 |   2 |  224.5 |
               +--------+--------+--------+--------+--------+-----+--------+

Top non-repeatable levels by time:
  Lair:2: 2059 daAuts
  Lair:3: 1994 daAuts
  Lair:4: 1558 daAuts
     D:5: 1508 daAuts
     D:8: 1472 daAuts
     D:3: 1409 daAuts
    D:10: 1317 daAuts
  Lair:1: 1223 daAuts
    D:11: 1150 daAuts
     D:1: 1128 daAuts
     D:4: 1119 daAuts
     D:9: 1062 daAuts
     D:7: 1049 daAuts
     D:2: 1000 daAuts
     D:6: 1000 daAuts
